 Dungeon Crawl Stone Soup version 0.28.0-1-gb440e238dd (webtiles) character file.

Game seed: 12759869824992752853

85 Sanktem7 the Shield-Bearer (level 4, -3/40 HPs)
             Began as a Minotaur Fighter on Feb 23, 2022.
             Slain by a gnoll (9 damage)
             ... on level 2 of the Dungeon.
             The game lasted 00:01:32 (1367 turns).

Sanktem7 the Shield-Bearer (Minotaur Fighter)       Turns: 1367, Time: 00:01:32

Health: -3/40      AC:  7    Str: 23    XL:     4   Next: 25%
Magic:  3/3        EV:  9    Int:  5    God:
Gold:   173        SH:  4    Dex:  9    Spells: 3/3 levels left

rFire   + . .      SeeInvis .   a - +0 war axe
rCold   x . .      Faith    .   c - +0 buckler
rNeg    . . .      Spirit   .   b - +0 scale mail
rPois   .          Reflect  .   (helmet restricted)
rElec   .          Harm     .   (no cloak)
rCorr   .          Rampage  .   (no gloves)
Will    .....                   (no boots)
Stlth   ..........              (no amulet)
HPRegen 0.13/turn               f - ring of fire
MPRegen 0.08/turn               (no ring)

@: no status effects
A: horns 2, retaliatory headbutt
a: no special abilities


You were on level 2 of the Dungeon.
You visited 1 branch of the dungeon, and saw 2 of its levels.

You collected 173 gold pieces.

Inventory:

Hand Weapons
 a - a +0 war axe (weapon)
Missiles
 j - 2 boomerangs of dispersal (quivered)
Armour
 b - a +0 scale mail (worn)
 c - a +0 buckler (worn)
Jewellery
 f - a ring of fire (left hand)
Scrolls
 e - 5 scrolls of identify
 h - a scroll of blinking
 i - a scroll of silence {unknown}
Potions
 d - a potion of might
 g - 2 potions of heal wounds


   Skills:
 + Level 4.2 Fighting
 + Level 3.6 Axes
 + Level 4.2 Armour
 + Level 0.4 Dodging
 + Level 4.4 Shields


You had 3 spell levels left.
You didn't know any spells.
Your spell library contained the following spells:

 Spells                   Type           Power      Damage    Failure   Level
 Animate Skeleton         Necr           0%         N/A       86%         1
 Pain                     Necr           0%         1d4       86%         1
 Vampiric Draining        Necr           0%         2d6       99%         3


Dungeon Overview and Level Annotations

Branches:
Dungeon (2/15)

Altars:


Innate Abilities, Weirdness & Mutations

You have a pair of horns on your head.
You reflexively headbutt those who attack you in melee.


Message History

The gnoll hits you but does no damage. The gnoll closely misses you.
The goblin hits you but does no damage. The gnoll barely misses you.
You block the quokka's attack. The gnoll hits you with a +0 flail.
The gnoll hits you from afar with a +0 halberd!
You are too injured to fight recklessly!
You are too injured to fight recklessly!
You are too injured to fight recklessly!
You are too injured to fight recklessly!
You are too injured to fight recklessly!
You are too injured to fight recklessly!
You are too injured to fight recklessly!
You are too injured to fight recklessly!
You are too injured to fight recklessly!
The gnoll barely misses you.
You see here a rat corpse.
The goblin hits you with a +0 club. The gnoll closely misses you.
You barely miss the goblin. The goblin hits you but does no damage.
You barely miss the goblin. The goblin hits you but does no damage.
The goblin closely misses you.
You barely miss the goblin. The goblin hits you but does no damage.
You block the gnoll's attack.
You hit the goblin.
You kill the goblin!
The gnoll completely misses you. The gnoll closely misses you.
You hit the gnoll.
You kill the gnoll!
The gnoll hits you but does no damage. The gnoll barely misses you.
The quokka barely misses you.
The gnoll hits you from afar with a +0 spear.
* * * LOW HITPOINT WARNING * * *
You block the gnoll's attack.
You barely miss the quokka.
The quokka bites you but does no damage.
The gnoll barely misses you. The gnoll hits you but does no damage.
The quokka bites you but does no damage.
You closely miss the quokka. You block the quokka's attack.
The quokka bites you.
* * * LOW HITPOINT WARNING * * *
The gnoll hits you from afar with a +0 halberd!
You die...

.# ##... .# #... .#### #.)#
....# #(.######## ....#
#.........# ....#############
#g........# ................#
#.........#
#....##.....###.###.........##
+...............@rgg...†......
#.†..##.....###.###.#.......##
#....##.....###+###.#.......#
...)))......##......#.......#
.PP)........##......#########
P...........##......#
P.......######......#
........# #......# ...P....#
####......#


You could see 2 gnolls and a quokka.

Vanquished Creatures
  5 gnolls (D:2)
  2 dart slugs (D:1)
  4 ball pythons
  6 endoplasms
  A goblin (D:2)
  2 hobgoblins (D:2)
  3 jackals (D:1)
  3 kobolds
  2 bats (D:2)
  A frilled lizard (D:2)
  4 rats
  A spectral kobold (D:1)
34 creatures vanquished.

Vanquished Creatures (others)
  6 plants (D:2)
  3 toadstools (D:1)
9 creatures vanquished.

Grand Total: 43 creatures vanquished

Notes
Turn   | Place    | Note
-------+----------+-------------------------------------------
     0 | D:1      | Sanktem7 the Minotaur Fighter began the quest for the Orb.
     0 | D:1      | Reached XP level 1. HP: 19/19 MP: 0/0
   302 | D:1      | Found a faded altar of an unknown god.
   328 | D:1      | Reached XP level 2. HP: 27/27 MP: 1/1
  1120 | D:2      | Reached XP level 3. HP: 33/33 MP: 2/2
  1349 | D:2      | Reached XP level 4. HP: 36/40 MP: 3/3
  1367 | D:2      | Slain by a gnoll

Illustrated notes

Levels and vault maps discovered:
D:1:      dpeg_chamrin_arrival_tetris, layout_loops_ring,
          dreamdust_ecumenical_altar_drowned_temple, minmay_gold_behind_fungi,
          minmay_split_cup_small
D:2:      layout_basic, nicolae_grassy_gnolls

Skill      XL: |  1  2 |
---------------+-------+-----
Shields        | 4 |  4.4
Fighting       | 4 |  4.2
Armour         | 4 |  4.2
Axes           | 3 |  3.6
Dodging        | |  0.4

Action                   |  1- 3 |  4- 6 || total
-------------------------+-------+-------++-------
Melee: War axe           |    55 |    11 ||    66
       Headbutt          |     8 |       ||     8
  Use: Scroll            |     2 |       ||     2
Armor: Scale mail        |    22 |    12 ||    34
Dodge: Dodged            |    34 |    15 ||    49
Block: Buckler           |    16 |     5 ||    21
